Construct Section Command Post
Construct Platoon Command Post
6-pounder Anti-tank Gun Team
Selects Heavy Armor Battlegroup
Selects Rigorous Vehicle Training
Selects Crusader AA Medium Tank
Selects UNKNOWN (2162094)
6-pounder Anti-tank Gun Team
Construct Field Infirmary
Selects UNKNOWN (2162094)
Construct Company Command Post
Selects UNKNOWN (2162094)
Selects Light Vehicle Withdraw and Refit
Selects Forward Repair Assembly